 Dungeon Crawl Stone Soup version 0.30-a0-177-g1cb5dbfd7a (webtiles) character file.

Game seed: 13673636865252464158

27 lunkers the Cudgeller (level 3, -1/19 (29) HPs)
             Began as a Meteoran Reaver on Oct 3, 2022.
             Was a Priest of Ru.
             Slain by a worm (9 damage)
             ... on level 2 of the Dungeon.
             The game lasted 00:01:59 (308 turns).

lunkers the Cudgeller (Meteoran Reaver)              Turns: 308, Time: 00:02:00

HP:   -1/19 (29)    AC:  3    Str: 15    XL:     3   Next: 44%
MP:   8/8           EV: 12    Int: 15    God:    Ru [***...]
Gold: 19            SH:  0    Dex: 12    Spells: 6/7 levels left

rFire   . . .      SeeInvis .    a - +0 mace
rCold   . . .      Faith    .    (shield unavailable)
rNeg    . . .      Spirit   .    b - +0 leather armour
rPois   .          Reflect  .    (no helmet)
rElec   .          Harm     .    (no cloak)
rCorr   .          Rampage  .    (no gloves)
Will    .....                    (no boots)
Stlth   +.........               (no amulet)
HPRegen 0.23/turn                (ring unavailable)
MPRegen 0.11/turn                (no ring)

@: glowing, very heavily drained
A: sense surroundings 1, missing a hand, otherworldly, glowing, explore regen
a: Renounce Religion, Draw Out Power


You were on level 2 of the Dungeon.
You worshipped Ru.
Ru was most pleased with you.
You visited 1 branch of the dungeon, and saw 2 of its levels.

You collected 19 gold pieces.

Inventory:

Hand Weapons
 a - a +0 mace (weapon)
Armour
 b - a +0 leather armour (worn)
Jewellery
 e - a ring of protection from cold
Potions
 c - a potion of berserk rage {unknown}
 d - 2 potions of curing {unknown}
 f - 2 potions of might {unknown}


   Skills:
 - Level 2.1 Fighting
 * Level 5.5 Maces & Flails
 - Level 2.4 Dodging
 - Level 2.6 Spellcasting
 - Level 3.6 Conjurations


You had 6 spell levels left.
You knew the following spells:

 Your Spells              Type           Power      Damage    Failure   Level
p - Kiss of Death         Conj/Necr      28%        2d7       12%         1

Your spell library contained the following spells:

 Spells                   Type           Power      Damage    Failure   Level
 Momentum Strike          Conj/Tloc      14%        3d8       19%         2
 Hailstorm                Conj/Ice       7%         3d4       36%         3


Dungeon Overview and Level Annotations

Branches:
Dungeon (2/15) Zot: 873

Altars:
Ru


Innate Abilities, Weirdness & Mutations

You passively map a small area around you.
You are missing a hand.
You are easily found by Zot.
You glow in the dark.
You regain HP and MP as you explore.


Message History

The bush is lightly damaged.
You hit the bush but do no damage.
The bush is lightly damaged.
You sock the bush!
The bush is lightly damaged.
You hit the bush but do no damage.
The bush is lightly damaged.
You hit the bush.
The bush is moderately damaged.
You see here a rat skeleton.
Things that are here:
a +0 club; a goblin skeleton
There is a stone staircase leading down here.
You climb downwards.
The endoplasm quivers.
Found a spear, 5 gold pieces and a ring mail.
Found an escape hatch in the floor.
There is a stone staircase leading up here.
A worm comes into view.
The endoplasm freezes you.
You are frozen.
You hit the endoplasm.
The endoplasm is severely wounded.
The endoplasm closely misses you.
You hit the endoplasm.
You kill the endoplasm!
Found a stone staircase leading up.
You thump the worm!
The worm is severely wounded.
The worm bites you.
You hit the worm but do no damage.
The worm is heavily wounded.
The worm bites you!
* * * LOW HITPOINT WARNING * * *
You hit the worm.
The worm is heavily wounded.
You hit the worm.
The worm is almost dead.
The worm bites you!
You die...

* *#<.# *,* < ,
.... * , # ,...
## * , .. ..
.#.# ,
...##.#... * ,
.......#[##, ,*
* ...##$.w).# *
* ,.......@..#,*
, #.........#, *
, #####.....# ,,
. , * ,
#.....###.... ,
* #....<...>...
..............##
*
#######.......#
#########


You could see a worm.

Vanquished Creatures
  A dart slug (D:1)
  3 bats (D:1)
  An endoplasm (D:2)
  2 giant cockroaches (D:1)
  5 goblins (D:1)
  3 jackals (D:1)
  2 kobolds (D:1)
  A quokka (D:1)
  A frilled lizard (D:1)
  4 rats (D:1)
23 creatures vanquished.

Notes
Turn   | Place    | Note
-------+----------+-------------------------------------------
     0 | D:1      | lunkers the Meteoran Reaver began the quest for the Orb.
     0 | D:1      | Reached XP level 1. HP: 17/17 MP: 5/5
    44 | D:1      | Reached XP level 2. HP: 15/16 MP: 3/6
    71 | D:1      | Reached skill level 5 in Maces & Flails
   106 | D:1      | Found a faded altar of an unknown god.
   123 | D:1      | Reached XP level 3. HP: 9/19 MP: 8/8
   146 | D:1      | Prayed at the altar of an unknown god.
   146 | D:1      | Became a worshipper of Ru the Awakened
   165 | D:1      | Gained mutation: You are missing a hand. [Ru sacrifice]
   165 | D:1      | Reached * piety under Ru
   165 | D:1      | Reached ** piety under Ru
   165 | D:1      | Reached *** piety under Ru
   308 | D:2      | Slain by a worm

Illustrated notes

Levels and vault maps discovered:
D:1:      dpeg_arrival_rooms_a, layout_rooms, serial_forest,
          infiniplex_forest_end_double, infiniplex_forest_lined_2,
          infiniplex_forest_clump_small, infiniplex_forest_end_double,
          infiniplex_forest_clump_long, infiniplex_forest_lined_4_way,
          infiniplex_forest_corner_1, infiniplex_forest_straight_3,
          infiniplex_forest_lined_room_3, hellmonk_ecumenical_altar_blasted,
          chequers_serial_rivers_marsh
D:2:      layout_loops_ring, uniq_sigmund

Skill      XL: |  1  2 |
---------------+-------+-----
Maces & Flails | 5 |  5.5
Fighting       | |  2.1
Dodging        | |  2.4
Spellcasting   | |  2.6
Conjurations   | |  3.6

Action                   || total
-------------------------++-------
Melee: Mace              ||    84
       Punch             ||     2
 Cast: Kiss of Death     ||     4
Invok: Sacrifice a Hand  ||     1
  Use: Scroll            ||     1
Armor: Leather armour    ||    34
Dodge: Dodged            ||    45

Table legend: (Time is in decaauts)
 A = Elapsed time spent in this place.
 B = Non-inter-level travel time spent in this place.
 C = Inter-level travel time spent in this place.
 D = Time resting spent in this place.
 E = Time spent auto-exploring this place.
 F = Levels seen in this place.
 G = Mean time per level.
                   A        B        C        D        E       F      G
               +--------+--------+--------+--------+--------+-----+--------+
         Total |    325 |    325 |      0 |      0 |      0 |   2 |  162.5 |
       Dungeon |    325 |    325 |      0 |      0 |      0 |   2 |  162.5 |
               +--------+--------+--------+--------+--------+-----+--------+

Top non-repeatable levels by time:
     D:1: 315 daAuts
     D:2: 10 daAuts
